 Dungeon Crawl Stone Soup version 0.17.1-3-g152610e (webtiles) character file.

390225 dobroeutro the Warrior (level 23, -2/172 HPs)
             Began as a Gargoyle Fighter on Apr 25, 2016.
             Was the Champion of the Shining One.
             Slain by a sphinx (6 damage)
             ... while paralysed by a sphinx
             ... on level 1 of the Tomb of the Ancients on Apr 26, 2016.
             The game lasted 02:27:20 (48319 turns).

dobroeutro the Warrior (Gargoyle Fighter)          Turns: 48319, Time: 02:27:22

Health: -2/172     AC: 64    Str: 34    XL:     23   Next: 8%
Magic:  23/29      EV:  2    Int: 13    God:    the Shining One [******]
Gold:   5615       SH:  0    Dex:  8    Spells: 0 memorised, 22 levels left

rFire  + + .     SeeInvis .     D - +11 scimitar of Dischord {freeze, +Inv rPois Str+4 Stlth+}
rCold  + + .     Clarity  .     y - +13 shadow dragon armour of Remasun {-Cast rF++ Int+3 Dex+2 Stlth++++}
rNeg   + + +     SustAt   .     s - +5 large shield {reflect}
rPois  ∞         Gourm    .     w - +2 hat
rElec  +         Spirit   .     F - +1 cloak {+Inv}
rCorr  .         Warding  .     Y - +0 pair of gloves "Tejev" {rC+}
rMut   .         Rnd*Tele +     O - +0 pair of boots
MR     ++...     NoCast   +     g - amulet of Vitality {Regen+ HP+15}
Stlth  +.........               t - ring of protection from magic
                                q - ring of protection from cold

@: paralysed, divine shield, slowed, glowing, very resistant to hostile
enchantments, very unstealthy
A: big wings, iridescent scales 2, slimy green scales 1, breathe flames 1,
clumsy 2, negative energy resistance 1, electricity resistance, strong 1,
teleportitis 1, unbreathing, evolution 1, petrification resistance, rot
immunity, subdued magic 1, MP-powered wands, AC +17
a: Fly, Divine Shield, Cleansing Flame, Summon Divine Warrior, Brand Weapon With
Holy Wrath, Renounce Religion, Breathe Fire, Evoke Invisibility
}: 2/15 runes: decaying, serpentine


You were on level 1 of the Tomb of the Ancients.
You worshipped the Shining One.
The Shining One was exalted by your worship.
You were very hungry.

You visited 10 branches of the dungeon, and saw 45 of its levels.
You visited the Abyss 1 time.
You also visited: Trove.

You collected 8310 gold pieces.
You spent 2695 gold pieces at shops.

Inventory:

Hand Weapons
 n - the +6 scimitar of Flaming Death {sticky flame, rPois rF++ rC- MR+}
   (You took it off an efreet on level 14 of the Dungeon)

   It has been specially enchanted to burn those struck by it, causing extra
   injury to most foes and up to half again as much damage against particularly
   susceptible opponents.
   Big, fiery blades are also staple armaments of hydra-hunters.
   It greatly protects you from fire.
   It makes you vulnerable to cold.
   It protects you from poison.
   It affects your resistance to hostile enchantments.
 D - the +11 scimitar of Dischord (weapon) {freeze, +Inv rPois Str+4 Stlth+}
   (You found it on level 7 of the Dungeon)

   It has been specially enchanted to freeze those struck by it, causing extra
   injury to most foes and up to half again as much damage against particularly
   susceptible opponents.
   It can also slow down cold-blooded creatures.
   It affects your strength (+4).
   It protects you from poison.
   It lets you turn invisible.
   It makes you more stealthy.
 L - the +8 mace "Xiused" {crush, rElec}
   (Okawaru gifted it to you on level 1 of the Lair of Beasts)

   It inflicts extra damage upon your enemies.
   It insulates you from electricity.
 X - the +4 Sword of Power
   (Okawaru gifted it to you on level 13 of the Dungeon)
Armour
 s - a +5 large shield of reflection (worn)
 w - a +2 hat (worn)
 y - the +13 shadow dragon armour of Remasun (worn) {-Cast rF++ Int+3 Dex+2 Stlth++++}
   (Okawaru gifted it to you on level 5 of the Lair of Beasts)

   It affects your intelligence (+3).
   It affects your dexterity (+2).
   It greatly protects you from fire.
   It prevents spellcasting.
   It makes you much more stealthy.
 F - a +1 cloak of invisibility (worn)
 O - a +0 pair of boots (worn)
 P - a +5 shield of reflection
 Y - the +0 pair of gloves "Tejev" (worn) {rC+}
   (You found it on level 2 of the Snake Pit)

   It protects you from cold.
Jewellery
 g - the amulet of Vitality (around neck) {Regen+ HP+15}
   (You bought it in a shop on level 4 of the Orcish Mines)

   [amulet of regeneration]

   It affects your health (+15).
   It increases your rate of regeneration.
 q - a ring of protection from cold (left hand)
 t - a ring of protection from magic (right hand)
 S - the ring of the Garden {rPois rF++ MR- Int-4 SInv}
   (You found it on level 12 of the Dungeon)

   [ring of intelligence]

   It affects your intelligence (-4).
   It greatly protects you from fire.
   It protects you from poison.
   It affects your resistance to hostile enchantments.
   It lets you see invisible.
Wands
 a - a wand of digging (13)
 b - a wand of disintegration (11)
 e - a wand of polymorph (6)
 h - a wand of disintegration (12)
 o - a wand of teleportation (3)
 v - a wand of fireball (5)
 x - a wand of teleportation (4)
 H - a wand of paralysis (14)
 K - a wand of disintegration (5)
 T - a wand of slowing (11)
Scrolls
 c - 2 scrolls of recharging
 i - 14 scrolls of remove curse
 p - a scroll of enchant weapon
 z - a scroll of teleportation
 A - 6 scrolls of fog
 B - 10 scrolls of magic mapping
 U - 7 scrolls of fear
 V - 3 scrolls of blinking
 Z - 13 scrolls of identify
Potions
 d - 7 potions of might
 k - 7 potions of brilliance
 l - 5 potions of agility
 m - 2 potions of curing
 r - a potion of cure mutation
 u - 2 potions of cancellation {unknown}
 C - a potion of berserk rage
 G - 3 potions of invisibility
 I - 5 potions of magic
 Q - 2 potions of heal wounds
 W - 5 potions of haste
Comestibles
 f - a beef jerky
 j - 19 meat rations
 J - 21 royal jellies
 M - 39 fruits
 N - 22 slices of pizza


   Skills:
 * Level 20.2 Fighting
 + Level 16.6 Long Blades
 - Level 6.5 Maces & Flails
 + Level 17.8 Armour
 + Level 13.3 Dodging
 + Level 18.1 Shields
 - Level 9.0 Invocations
 - Level 7.2 Evocations


You had 22 spell levels left.
You didn't know any spells.

Dungeon Overview and Level Annotations

Branches:
Dungeon (15/15)            Temple (1/1) D:4            Lair (8/8) D:10
  Swamp (4/4) Lair:5        Snake (4/4) Lair:5        Slime (0/6) Lair:8
    Orc (4/4) D:11            Elf (0/3) Orc:3        Vaults (4/5) D:13
  Crypt (3/3) Vaults:2       Tomb (1/3) Crypt:3      Depths (1/5) D:15

Altars:
Ashenzari
Cheibriados
Dithmenos
Elyvilon
Fedhas
Gozag
Kikubaaqudgha
Makhleb
Nemelex Xobeh
Okawaru
Qazlal
Ru
Sif Muna
Trog
Vehumet
Xom
Yredelemnul
Zin
The Shining One
Beogh
Jiyva

Shops:
D:5 ?   D:12 ?   D:13 (   D:14 =   Orc:4 =*[(   Vaults:1 *   Vaults:4 %(*(

Portals:
Hell: Depths:1

Annotations:
D:3 exclusion: oklob plant
Depths:1 exclusion: obsidian statue


Innate Abilities, Weirdness & Mutations

You are resistant to torment.
Your stone body is resilient (AC +17).
You are immune to poison.
Your large and strong wings let you fly indefinitely.
You resist negative energy.
You are resistant to electric shocks.
You can survive without breathing.
You are immune to petrification.
You are immune to rotting.
You are mostly covered in iridescent scales (AC +6).
You are partially covered in slimy green scales (AC +2).
You can breathe flames.
You are very clumsy. (Dex -4)
Your muscles are strong. (Str +2)
You are occasionally teleported next to monsters.
You evolve.
Your spells are a little easier to cast, but a little less powerful.
You expend magic power (3 MP) to strengthen your wands.


Message History

The sphinx hits you but does no damage. x3
The sphinx completely misses you. The sphinx hits you but does no damage.
The sphinx hits you but does no damage. x4
The sphinx hits you but does no damage. The sphinx hits you.
* * * LOW HITPOINT WARNING * * *
The sphinx hits you but does no damage. x2
The sphinx hits you.
* * * LOW HITPOINT WARNING * * *
The sphinx hits you but does no damage. x4
The sphinx hits you!
* * * LOW HITPOINT WARNING * * *
The sphinx hits you but does no damage. The sphinx barely misses you.
The sphinx hits you but does no damage. x3
The sphinx hits you but does no damage. x9
The sphinx hits you!
* * * LOW HITPOINT WARNING * * *
The sphinx hits you but does no damage. The sphinx hits you.
* * * LOW HITPOINT WARNING * * *
The sphinx hits you but does no damage. The sphinx hits you.
You die...

##########################
.......ZH@H..(............
........HHH............[..
.........M................
..........................
..........................
..........................
⌠.........................
..........................
..........................


You could see 5 sphinxes, a guardian mummy and a spiny frog skeleton.

Vanquished Creatures
  Nikola (Swamp:2)
  A bone dragon (Crypt:3)
  3 liches
  2 tentacled monstrosities
  4 deep elf blademasters
  A deep elf master archer (Crypt:3)
  3 sphinxes
  3 thorn hunters
  A shadow dragon (Vaults:2)
  8 titans
  A tengu reaver (Vaults:3)
  4 ancient champions
  2 revenants
  9 greater nagas
  9 frost giants
  8 fire giants
  A curse skull (Crypt:3)
  6 ghouls
  14 vault wardens
  3 orc warlords
  5 very ugly things
  The ghost of kaze the Nimble, a journeyman TrBe of Trog (D:15)
  16 ironheart preservers
  12 stone giants
  5 war gargoyles
  2 green draconians
  2 deep elf demonologists (Vaults:1)
  A black draconian (Crypt:3)
  3 vampire knights
  Azrael (D:13)
  A yellow draconian (Crypt:3)
  A deep elf annihilator (Vaults:1)
  2 salamander stormcallers
  5 ettins
  16 vault guards
  Snorg (D:13)
  5 jiangshi (Crypt:2)
  2 eidola
  2 merfolk javelineers (Crypt:1)
  4 deep elf death magi
  The ghost of dobroeutro the Protected, a journeyman GrFi of the Shining One (Lair:3)
  3 crystal guardians (Crypt:3)
  4 yaktaur captains
  Josephine (Lair:7)
  3 fire dragons
  2 merfolk impalers (Crypt:1)
  2 great orbs of eyes (Vaults:2)
  An entropy weaver (Vaults:3)
  A quicksilver dragon zombie (Crypt:3)
  A ghost crab (Swamp:4)
  Harold (D:10)
  31 hydras
  Erolcha (D:8)
  16 naga warriors
  The ghost of ThereIsNoGod the Fighter, a novice MiFi of Makhleb (D:10)
  11 centaur warriors
  2 ice dragons
  11 ogre magi
  6 alligators
  A ghost crab (shapeshifter) (Vaults:2)
  9 anacondas
  A death knight (Crypt:1)
  3 deep troll earth magi
  2 death yaks (Lair:7)
  4 tengu warriors
  3 vampire magi (Crypt:2)
  5 dancing weapons (Crypt:3)
  A titan zombie (Crypt:3)
  4 deep troll shamans
  5 orc high priests (Orc:4)
  4 shock serpents
  17 naga sharpshooters
  Urug (D:10)
  3 titan skeletons
  Sonja (D:12)
  20 skeletal warriors
  A fire crab (Vaults:4)
  A salamander mystic (Snake:2)
  2 soul eaters
  3 unseen horrors
  3 deep elf knights
  2 shadow wraiths (Vaults:4)
  2 spriggan druids (Swamp:4)
  A golden dragon zombie (Crypt:3)
  6 hell knights (Crypt:3)
  12 swamp dragons
  An anaconda zombie (Crypt:1)
  9 deep trolls
  8 naga ritualists
  11 hill giants
  A quicksilver dragon simulacrum (Crypt:1)
  An unseen horror (shapeshifter) (Vaults:1)
  5 flayed ghosts
  7 sea snakes (Snake:4)
  3 shambling mangroves
  2 lindwurms (Lair:8)
  Pikel (D:4)
  16 ironbrand convokers
  A wolf spider zombie (Crypt:1)
  A shadow dragon zombie (Crypt:3)
  13 harpies
  5 orc sorcerers
  3 deep elf conjurers
  3 wolf spiders
  5 cyclopes
  12 necromancers
  7 phantasmal warriors
  An orb spider (shapeshifter) (D:15)
  9 mana vipers
  2 oklob plants
  12 orc knights
  A mana viper (shapeshifter) (Vaults:2)
  14 salamanders
  5 hornets
  32 ugly things
  11 griffons
  A stone giant zombie (Crypt:3)
  A salamander (shapeshifter) (Vaults:1)
  A frost giant zombie (Vaults:2)
  A guardian serpent (shapeshifter) (D:15)
  An iron dragon skeleton (Crypt:1)
  A fire giant skeleton (Crypt:3)
  Maurice (Orc:1)
  3 elephants (Lair:8)
  10 vault sentinels
  36 black mambas
  11 guardian serpents
  Psyche (D:8)
  5 kobold demonologists
  12 naga magi
  3 efreet
  3 gargoyles
  6 torpor snails
  A catoblepas zombie (Crypt:1)
  16 spiny frogs
  A shock serpent skeleton (Crypt:1)
  3 elephant slug zombies
  10 komodo dragons
  21 yaktaurs
  A storm dragon simulacrum (Vaults:2)
  A jumping spider (shapeshifter) (D:13)
  5 fire drakes
  12 merfolk
  A hydra zombie (Crypt:1)
  6 giant leeches
  7 freezing wraiths
  3 deep elf priests
  A minotaur zombie (Crypt:2)
  A tengu conjurer (Swamp:4)
  10 trolls
  A queen bee (Lair:1)
  A blink frog (shapeshifter) (Vaults:3)
  Prince Ribbit (D:8)
  A queen bee (shapeshifter) (Vaults:2)
  15 two-headed ogres
  8 blink frogs
  A fire dragon zombie (Crypt:3)
  A frost giant simulacrum (Crypt:1)
  A hornet zombie (D:15)
  16 slime creatures
  A minotaur skeleton (Crypt:3)
  10 bog bodies
  3 boulder beetles
  An alligator zombie (Crypt:1)
  A trapdoor spider (shapeshifter) (Vaults:3)
  An ushabti (Tomb:1)
  6 spriggans
  2 trapdoor spiders
  9 wraiths
  6 shadows
  5 wyverns
  2 ettin skeletons
  17 fire elementals
  34 flying skulls
  A human (shapeshifter) (D:15)
  A human simulacrum (Vaults:1)
  A redback (Vaults:2)
  45 yaks
  10 deep elf magi
  4 steam dragons
  A centaur simulacrum (D:15)
  Eustachio (D:4)
  2 basilisks
  A basilisk (shapeshifter) (Vaults:3)
  2 black mamba skeletons (Crypt:3)
  50 vampire mosquitoes
  59 nagas
  11 wolves
  3 wargs
  5 deep elf fighters
  11 hippogriffs
  2 deep troll zombies (Vaults:2)
  3 mottled dragons
  3 ice beasts
  32 swamp worms
  7 porcupines
  12 water moccasins
  2 phantoms
  5 sky beasts
  A slave (D:4)
  A spiny frog skeleton (Crypt:1)
  2 hell hounds (D:13)
  A hornet simulacrum (D:15)
  2 black bears
  13 swamp drakes
  An ettin simulacrum (Vaults:2)
  A swamp dragon zombie (Crypt:1)
  2 human zombies (Vaults:2)
  12 wasps
  3 necrophages
  A lindwurm zombie (Crypt:2)
  A blink frog zombie (Crypt:2)
  An eye of draining (D:10)
  57 orc warriors
  A swamp dragon skeleton (Crypt:3)
  8 big kobolds
  2 human skeletons (Vaults:2)
  A manticore skeleton (Crypt:1)
  17 centaurs
  6 boggarts
  37 ogres
  4 brain worms (Lair:8)
  20 giant frogs
  23 crocodiles
  5 scorpions
  40 killer bees
  22 wights
  7 electric eels (D:10)
  3 giant frog skeletons
  2 centaur zombies
  42 orc priests
  13 hounds
  5 centaur skeletons
  5 jellies
  A quasit (D:9)
  Crazy Yiuf (D:3)
  8 crimson imps
  Jessica (D:3)
  44 orc wizards
  10 worker ants
  17 iguanas
  26 sheep
  A killer bee zombie (D:8)
  A sky beast zombie (Crypt:2)
  2 deep dwarf zombies (Crypt:2)
  2 hound zombies
  A mummy (Tomb:1)
  4 gnolls (D:8)
  Robin (D:3)
  44 river rats
  12 adders
  4 shadow imps
  2 oozes (D:4)
  An adder skeleton (D:9)
  An iguana zombie (Crypt:1)
  17 worms (Lair:8)
  4 giant geckos
  231 orcs
  5 giant cockroaches
  14 goblins
  13 hobgoblins
  2 quokkas
  A ball python (D:2)
  7 bats
  A giant gecko skeleton (D:4)
  4 giant newts
  A hobgoblin zombie (Crypt:1)
  19 jackals
  A jackal skeleton (D:4)
  A jackal zombie (Crypt:2)
  28 kobolds
  A quokka skeleton (D:7)
  4 rats
  3 briar patches
  2 fire vortices
  2 fungi (Swamp:1)
  2 plants
2113 creatures vanquished.

Vanquished Creatures (collateral kills)
  A deep elf fighter (Vaults:1)
1 creature vanquished.

Vanquished Creatures (others)
  An ancient lich (Crypt:3)
  A large abomination (Vaults:4)
  An eldritch tentacle (Crypt:3)
  A frost giant (Crypt:3)
  A fire giant (Crypt:3)
  An ironheart preserver (Vaults:1)
  2 stone giants (Crypt:3)
  A salamander stormcaller (Vaults:4)
  A merfolk javelineer (Crypt:1)
  A vault guard (Vaults:4)
  2 centaur warriors
  An ogre mage (Vaults:3)
  3 naga sharpshooters
  A fire crab (shapeshifter) (D:15)
  A necromancer (Crypt:3)
  A cyclops (D:15)
  2 vault sentinels (Vaults:4)
  A kobold demonologist (Vaults:2)
  A komodo dragon (D:12)
  5 yaktaurs
  2 deep elf priests (Vaults:4)
  A giant leech (Swamp:4)
  A griffon zombie (Crypt:1)
  A flying skull (Crypt:3)
  2 deep elf magi
  2 deep elf fighters (Vaults:3)
  A naga (Snake:2)
  2 vampire mosquitoes (Swamp:2)
  2 orc warriors (Crypt:1)
  3 swamp drakes
  3 ogres
  6 centaurs
  An eye of draining (shapeshifter) (Vaults:4)
  2 boggarts (D:15)
  2 shadow imps (D:6)
  A giant gecko (D:6)
  4 orcs
  A jackal (D:10)
  3 kobolds
  A briar patch (Swamp:3)
  76 eldritch tentacle segments (Crypt:3)
  A fire vortex (Vaults:4)
  3 fungi
  8 lost souls
  3 plants
161 creatures vanquished.

Grand Total: 2275 creatures vanquished

Notes
Turn   | Place    | Note
--------------------------------------------------------------
     0 | D:1      | dobroeutro the Gargoyle Fighter began the quest for the Orb.
     0 | D:1      | Reached XP level 1. HP: 14/14 MP: 1/1
   171 | D:1      | Reached XP level 2. HP: 17/19 MP: 2/2
   518 | D:1      | You fall through a shaft!
   636 | D:1      | Reached XP level 3. HP: 23/23 MP: 3/3
  1007 | D:2      | Found a sparkling altar of Nemelex Xobeh.
  1198 | D:2      | Found a deep blue altar of Sif Muna.
  1378 | D:3      | Reached skill level 4 in Shields
  1378 | D:3      | Reached XP level 4. HP: 26/29 MP: 4/4
  1509 | D:3      | Noticed Crazy Yiuf
  1518 | D:3      | Killed Crazy Yiuf
  1572 | D:3      | Noticed Robin
  1593 | D:3      | Reached XP level 5. HP: 30/33 MP: 5/5
  1601 | D:3      | Killed Robin
  1722 | D:3      | Found a blossoming altar of Fedhas.
  1744 | D:3      | Noticed an oklob plant
  1821 | D:3      | Noticed Jessica
  1827 | D:3      | Killed Jessica
  1949 | D:3      | Reached XP level 6. HP: 25/39 MP: 6/6
  2396 | D:4      | Reached skill level 5 in Fighting
  2396 | D:4      | Reached skill level 5 in Shields
  2399 | D:4      | Found a shadowy altar of Dithmenos.
  2469 | D:4      | Found a sacrificial altar of Ru.
  2480 | D:4      | Reached skill level 5 in Armour
  2480 | D:4      | Reached XP level 7. HP: 28/44 MP: 7/7
  2517 | D:4      | Noticed Eustachio
  2534 | D:4      | Found a staircase to the Ecumenical Temple.
  2549 | D:4      | Killed Eustachio
  2566 | Temple   | Entered the Ecumenical Temple
  2575 | Temple   | Became a worshipper of Warmaster Okawaru
  2672 | D:4      | Found a glowing golden altar of the Shining One.
  2704 | D:4      | Noticed Pikel
  2731 | D:4      | Killed Pikel
  2731 | D:4      | Reached * piety under Okawaru
  2731 | D:4      | Reached skill level 6 in Fighting
  2731 | D:4      | Reached skill level 5 in Maces & Flails
  2731 | D:4      | Reached XP level 8. HP: 42/51 MP: 8/8
  2888 | D:5      | Entered Level 5 of the Dungeon
  2946 | D:5      | Found Iroetwih's Magic Scroll Emporium.
  3151 | D:5      | Reached ** piety under Okawaru
  3233 | D:5      | Found a basalt altar of Yredelemnul.
  3313 | D:5      | Found a glowing silver altar of Zin.
  3363 | D:5      | Found a stormy altar of Qazlal.
  3452 | D:6      | Reached skill level 7 in Fighting
  3452 | D:6      | Reached XP level 9. HP: 55/57 MP: 9/9
  4161 | D:7      | Got a dazzling scimitar
  4162 | D:7      | Identified the +11 scimitar of Dischord {freeze, +Inv rPois Str+4 Stlth+} (You found it on level 7 of the Dungeon)
  4279 | D:7      | Reached skill level 1 in Long Blades
  4508 | D:7      | Reached *** piety under Okawaru
  4554 | D:7      | Reached skill level 8 in Fighting
  4776 | D:8      | Noticed Prince Ribbit
  4786 | D:8      | Killed Prince Ribbit
  4786 | D:8      | Reached XP level 10. HP: 36/64 MP: 10/10
  4864 | D:8      | Found a white marble altar of Elyvilon.
  4906 | D:8      | Noticed Erolcha
  4920 | D:8      | Killed Erolcha
  4920 | D:8      | Reached **** piety under Okawaru
  5343 | D:8      | Gained mutation: You are weak. (Str -2) [mutagenic meat]
  5344 | D:8      | Gained mutation: You have supernaturally acute eyesight. [mutagenic meat]
  5346 | D:8      | Gained mutation: Your magical capacity is low (-10% MP). [mutagenic meat]
  5348 | D:8      | Gained mutation: You can breathe flames. [mutagenic meat]
  5369 | D:8      | Noticed Psyche
  5375 | D:8      | Killed Psyche
  5430 | D:8      | Noticed a three-headed hydra
  5451 | D:8      | Reached skill level 5 in Long Blades
  5460 | D:8      | Killed an 11-headed hydra
  5460 | D:8      | Reached ***** piety under Okawaru
  5460 | D:8      | Reached skill level 9 in Fighting
  5838 | D:9      | Received a gift from Okawaru
  6322 | D:9      | Got a warped war axe
  6323 | D:9      | Identified the +9 war axe of Cobwebs {pain, +Blink rElec rN+++ MR-} (You found it on level 9 of the Dungeon)
  6384 | D:9      | Reached XP level 11. HP: 65/71 MP: 10/10
  6525 | D:9      | Found a snail-covered altar of Cheibriados.
  6525 | D:9      | Found a bloodstained altar of Trog.
  6749 | D:10     | Entered Level 10 of the Dungeon
  6830 | D:10     | Reached skill level 1 in Evocations
  6836 | D:10     | Noticed a hill giant
  6845 | D:10     | Killed a hill giant
  6896 | D:10     | Noticed Urug
  6962 | D:10     | Noticed ThereIsNoGod's ghost (novice MiFi)
  7174 | D:10     | Killed ThereIsNoGod's ghost
  7179 | D:10     | Noticed Harold
  7588 | D:10     | Reached skill level 10 in Fighting
  7596 | D:10     | Found a staircase to the Lair.
  8227 | D:10     | Killed Harold
  8227 | D:10     | Reached skill level 10 in Armour
  8468 | D:10     | Killed Urug
  8468 | D:10     | Reached skill level 10 in Shields
  8727 | D:11     | Noticed a six-headed hydra
  8791 | D:10     | Killed an 11-headed hydra
  8791 | D:10     | Reached XP level 12. HP: 43/78 MP: 9/12
  9070 | D:11     | Received a gift from Okawaru
  9096 | D:11     | Found a staircase to the Orcish Mines.
  9810 | D:12     | Got a wavering pewter ring
  9813 | D:12     | Identified the cursed ring of the Garden {rPois rF++ MR- Int-4 SInv} (You found it on level 12 of the Dungeon)
  9839 | D:12     | Found Iphutih's Magic Scroll Shoppe.
  9970 | D:12     | Found a portal to a secret trove of treasure.
 10012 | D:12     | Noticed a seven-headed hydra
 10049 | D:12     | Killed a 14-headed hydra
 10099 | D:12     | Gained mutation: You passively map a small area around you. [mutagenic meat]
 10103 | D:12     | Gained mutation: You are agile. (Dex +2) [mutagenic meat]
 10184 | D:12     | Lost mutation: You are agile. (Dex +2) [mutagenic meat]
 10185 | D:12     | Gained mutation: Your body sometimes deteriorates upon taking damage. [mutagenic meat]
 10186 | D:12     | Gained mutation: You are partially covered in slimy green scales (AC +2). [mutagenic meat]
 10187 | D:12     | Gained mutation: You tend to lose your temper in combat. [mutagenic meat]
 10212 | D:12     | Reached skill level 11 in Fighting
 10487 | D:13     | Noticed Sonja
 10490 | D:13     | Noticed Snorg
 10495 | D:12     | Reached XP level 13. HP: 68/84 MP: 14/14
 10500 | D:12     | Killed Sonja
 10527 | D:13     | Noticed a centaur warrior
 10542 | D:13     | Killed a centaur warrior
 10542 | D:13     | Reached ****** piety under Okawaru
 10542 | D:13     | Reached skill level 10 in Long Blades
 10542 | D:13     | Reached skill level 5 in Evocations
 10544 | D:13     | Received a gift from Okawaru
 10667 | D:13     | Noticed a centaur warrior
 10668 | D:13     | Noticed a vault guard
 10683 | D:13     | Killed a centaur warrior
 10694 | D:13     | Killed a vault guard
 10694 | D:13     | Received a gift from Okawaru
 10715 | D:13     | Found a gate to the Vaults.
 10942 | D:13     | Noticed Azrael
 10981 | D:13     | Killed Azrael
 11534 | D:13     | Found a blossoming altar of Fedhas.
 11698 | D:13     | Found Yzeas's Weapon Shop.
 12005 | D:14     | Received a gift from Okawaru
 12071 | D:14     | Found Feysitoo's Jewellery Boutique.
 12212 | D:14     | Reached skill level 12 in Fighting
 12305 | D:15     | Entered Level 15 of the Dungeon
 12394 | D:15     | Gained mutation: Your large and strong wings let you fly indefinitely. [Gargoyle growth]
 12394 | D:15     | Reached XP level 14. HP: 90/92 MP: 15/16
 12655 | D:13     | Killed Snorg
 14001 | D:15     | Noticed kaze's ghost (journeyman TrBe)
 14363 | Lair:1   | Entered Level 1 of the Lair of Beasts
 14737 | Lair:1   | Received a gift from Okawaru
 14751 | Lair:1   | Got a sapphire mace {god gift}
 14752 | Lair:1   | Identified the +8 mace "Xiused" {crush, rElec} (Okawaru gifted it to you on level 1 of the Lair of Beasts)
 15756 | Lair:3   | Reached skill level 1 in Dodging
 15840 | Lair:3   | Noticed dobroeutro's ghost (journeyman GrFi)
 15864 | Lair:3   | Killed dobroeutro's ghost
 17058 | Lair:4   | Reached XP level 15. HP: 74/97 MP: 18/18
 17669 | Lair:5   | Found a staircase to the Snake Pit.
 17674 | Lair:5   | Received a gift from Okawaru
 17688 | Lair:5   | Got a heavily runed shadow dragon armour {god gift}
 17699 | Lair:5   | Identified the +13 shadow dragon armour of Remasun {-Cast rF++ Int+3 Dex+2 Stlth++++} (Okawaru gifted it to you on level 5 of the Lair of Beasts)
 17778 | Lair:5   | Lost mutation: You are weak. (Str -2) [potion of mutation]
 17778 | Lair:5   | Gained mutation: You are clumsy. (Dex -2) [potion of mutation]
 17795 | Lair:5   | Found a staircase to the Swamp.
 18261 | Lair:6   | Reached skill level 13 in Fighting
 18831 | Lair:7   | Noticed Josephine
 18843 | Lair:7   | Killed Josephine
 19492 | Lair:7   | Reached skill level 5 in Dodging
 20074 | Lair:8   | Entered Level 8 of the Lair of Beasts
 20172 | Lair:8   | Received a gift from Okawaru
 20193 | Lair:8   | Identified a scroll of acquirement
 20215 | Lair:8   | Got a smoking rapier
 20216 | Lair:8   | Identified the +3 rapier of Wondrous Power {freeze, MP+9} (You found it on level 8 of the Lair of Beasts)
 20287 | Lair:8   | Found a runed door.
 20656 | Lair:8   | Found a viscous altar of Jiyva.
 20656 | Lair:8   | Found a staircase to the Slime Pits.
 21426 | Orc:1    | Entered Level 1 of the Orcish Mines
 21609 | Orc:1    | Reached XP level 16. HP: 91/105 MP: 19/19
 21683 | Orc:1    | Noticed Maurice
 21763 | Orc:1    | Killed Maurice
 21955 | Orc:2    | Found a roughly hewn altar of Beogh.
 22411 | Orc:3    | Found a staircase to the Elven Halls.
 22541 | Orc:4    | Entered Level 4 of the Orcish Mines
 22965 | Orc:4    | Received a gift from Okawaru
 23422 | Orc:4    | Paralysed by an orc sorcerer for 6 turns
 23475 | Orc:4    | Reached skill level 14 in Fighting
 24852 | Orc:4    | Found Jack's General Store.
 24853 | Orc:4    | Found Ebase's Jewellery Emporium.
 24854 | Orc:4    | Found Osoczo's Antique Armour Emporium.
 24854 | Orc:4    | Found Ykkenuum's Antique Weapon Shoppe.
 24869 | Orc:4    | Bought the amulet of Vitality {Regen+ HP+15} for 592 gold pieces
 25499 | D:14     | Bought a +6 ring of strength for 1053 gold pieces
 25541 | D:15     | Killed kaze's ghost
 25674 | D:15     | Gained mutation: You are partially covered in iridescent scales (AC +4). [mutagenic meat]
 25677 | D:15     | Gained mutation: You are frail (-10% HP). [mutagenic meat]
 25678 | D:15     | Gained mutation: You have large cloven feet. [mutagenic meat]
 25679 | D:15     | Lost mutation: You tend to lose your temper in combat. [mutagenic meat]
 25926 | D:15     | Found a staircase to the Depths.
 25976 | D:15     | Gained mutation: Potions and wands are less effective at restoring your health. [mutagenic meat]
 25977 | D:15     | Gained mutation: Your spells are a little harder to cast, but a little more powerful. [mutagenic meat]
 26496 | Snake:1  | Entered Level 1 of the Snake Pit
 26540 | Snake:1  | Received a gift from Okawaru
 27259 | Snake:2  | Reached XP level 17. HP: 100/100 MP: 20/20
 27892 | Snake:2  | Got a pair of steaming gloves
 27903 | Snake:2  | Identified the +0 pair of gloves "Tejev" {rC+} (You found it on level 2 of the Snake Pit)
 28640 | Snake:4  | Entered Level 4 of the Snake Pit
 28659 | Snake:4  | Received a gift from Okawaru
 28857 | Snake:4  | Reached skill level 15 in Fighting
 28857 | Snake:4  | Reached skill level 10 in Dodging
 28903 | Snake:4  | Received a gift from Okawaru
 28935 | Snake:4  | Reached skill level 15 in Shields
 28943 | Snake:4  | Got an ancient scimitar {god gift}
 28944 | Snake:4  | Identified the +10 scimitar of the Wasteland {flame, rN+} (Okawaru gifted it to you on level 4 of the Snake Pit)
 29085 | Snake:4  | Reached XP level 18. HP: 107/107 MP: 21/21
 29414 | Snake:4  | Reached skill level 1 in Invocations
 29423 | Snake:4  | Got a serpentine rune of Zot
 29564 | Snake:4  | Received a gift from Okawaru
 30135 | Swamp:1  | Entered Level 1 of the Swamp
 30200 | Swamp:1  | Reached skill level 15 in Armour
 31197 | Swamp:2  | Reached skill level 5 in Invocations
 31278 | Swamp:2  | Noticed Nikola
 31299 | Swamp:2  | Killed Nikola
 31299 | Swamp:2  | Received a gift from Okawaru
 32526 | Swamp:4  | Entered Level 4 of the Swamp
 32626 | Swamp:4  | Reached XP level 19. HP: 112/112 MP: 21/21
 33109 | Swamp:4  | Received a gift from Okawaru
 33117 | Swamp:4  | Got a decaying rune of Zot
 33835 | D:12     | Got an ancient halberd
 33991 | Vaults:1 | Entered Level 1 of the Vaults
 33997 | Vaults:1 | Got a shimmering whip
 33998 | Vaults:1 | Identified the +8 whip of the Unliving {holy, *Contam *Noise +Blink Str+4} (You found it on level 1 of the Vaults)
 34028 | Vaults:1 | Gained mutation: You are very clumsy. (Dex -4) [mutagenic glow]
 34041 | Vaults:1 | Noticed a Brimstone Fiend
 34181 | Vaults:1 | Cast into the Abyss (an ogre mage)
 34185 | Vaults:1 | Escaped the Abyss
 34515 | Vaults:1 | Received a gift from Okawaru
 34515 | Vaults:1 | Reached skill level 16 in Fighting
 34587 | Vaults:1 | Lost mutation: Your magical capacity is low (-10% MP). [mutagenic meat]
 34588 | Vaults:1 | Gained mutation: You are mostly covered in iridescent scales (AC +6). [mutagenic meat]
 35218 | Vaults:1 | Found Suvustem's Assorted Antiques.
 35226 | Vaults:1 | Bought a scroll of blinking for 300 gold pieces
 35394 | D:12     | You paid a toll of 5 scrolls of blinking to enter a treasure trove
 35395 | Trove    | Entered a treasure trove
 35941 | Vaults:2 | Noticed a lich
 35950 | Vaults:2 | Killed a lich
 36059 | Vaults:2 | Reached XP level 20. HP: 107/118 MP: 26/26
 36135 | Vaults:2 | Received a gift from Okawaru
 36178 | Vaults:2 | Received a gift from Okawaru
 36186 | Vaults:2 | Reached skill level 15 in Long Blades
 36201 | Vaults:2 | Reached skill level 17 in Fighting
 36316 | Vaults:2 | Found a staircase to the Crypt.
 36862 | Vaults:2 | Paralysed by a sphinx for 2 turns
 36879 | Vaults:2 | Paralysed by a sphinx for 4 turns
 36969 | Vaults:2 | Got an ancient copper ring
 37255 | Vaults:2 | Received a gift from Okawaru
 37472 | Vaults:2 | Lost mutation: Potions and wands are less effective at restoring your health. [mutagenic meat]
 37473 | Vaults:2 | Gained mutation: Your natural rate of healing is unusually fast. [mutagenic meat]
 37475 | Vaults:2 | Gained mutation: You evolve. [mutagenic meat]
 37476 | Vaults:2 | Gained mutation: You are occasionally teleported next to monsters. [mutagenic meat]
 37478 | Vaults:2 | Lost mutation: You have supernaturally acute eyesight. [mutagenic meat]
 37867 | Vaults:3 | Identified the ring "Deggunamn" {MP+9 Dex+2 Stlth-} (You took it off a fire giant on level 2 of the Vaults)
 38308 | Vaults:3 | Reached XP level 21. HP: 126/126 MP: 27/27
 38387 | Vaults:3 | Reached skill level 18 in Fighting
 38585 | Vaults:3 | Paralysed by an ogre mage for 5 turns
 38958 | Vaults:3 | Received a gift from Okawaru
 39471 | Vaults:4 | Found Gozag's Antique Weapon Boutique.
 39476 | Vaults:4 | Found an opulent altar of Gozag.
 39476 | Vaults:4 | Found Gozag's Assorted Antiques.
 39531 | Vaults:4 | Found Gozag's Antique Weapon Shop.
 39664 | Vaults:4 | Bought a scroll of blinking for 750 gold pieces
 39769 | Vaults:4 | Found Meegaiveyll's Food Shop.
 40932 | Depths:1 | Entered Level 1 of the Depths
 41006 | Depths:1 | Found a gateway to Hell.
 41379 | D:4      | Fell from the grace of Okawaru
 41379 | D:4      | Became a worshipper of the Shining One
 41774 | Crypt:1  | Entered Level 1 of the Crypt
 41808 | Crypt:1  | Reached * piety under the Shining One
 41906 | Crypt:1  | Lost mutation: You have large cloven feet. [potion of cure mutation]
 41906 | Crypt:1  | Lost mutation: Your natural rate of healing is unusually fast. [potion of cure mutation]
 41906 | Crypt:1  | Lost mutation: Your body sometimes deteriorates upon taking damage. [potion of cure mutation]
 42102 | Vaults:2 | Reached ** piety under the Shining One
 42230 | Vaults:2 | Lost mutation: Your spells are a little harder to cast, but a little more powerful. [mutagenic meat]
 42231 | Vaults:2 | Lost mutation: You are frail (-10% HP). [mutagenic meat]
 42234 | Vaults:2 | Lost mutation: You passively map a small area around you. [mutagenic meat]
 44047 | Vaults:2 | Reached skill level 19 in Fighting
 44065 | Vaults:2 | Reached XP level 22. HP: 149/149 MP: 28/28
 44286 | Vaults:2 | Gained mutation: Your spells are a little easier to cast, but a little less powerful. [mutagenic meat]
 44287 | Vaults:2 | Gained mutation: You expend magic power (3 MP) to strengthen your wands. [mutagenic meat]
 44374 | Crypt:1  | Reached *** piety under the Shining One
 44555 | Crypt:1  | Reached **** piety under the Shining One
 45158 | Crypt:2  | Reached ***** piety under the Shining One
 45668 | Crypt:2  | Reached ****** piety under the Shining One
 46289 | Crypt:3  | Entered Level 3 of the Crypt
 46530 | Crypt:3  | Found a basalt altar of Yredelemnul.
 46671 | Crypt:3  | HP: 5/167 [titan/the air[the fury of Okawaru] (31)]
 46773 | Crypt:3  | HP: 7/167 [acid[the fury of Okawaru] (19)]
 46880 | Crypt:3  | Gained mutation: Your muscles are strong. (Str +2) [evolution]
 47137 | Crypt:3  | Noticed an ancient lich
 47181 | Crypt:3  | Killed an ancient lich
 47214 | Crypt:3  | Reached skill level 20 in Fighting
 47304 | Crypt:3  | Got a heavily runed ivory amulet
 47307 | Crypt:3  | Identified the amulet of Salasch {Gourm Str-2 Int+5} (You took it off a hell knight on level 3 of the Crypt)
 47590 | Crypt:3  | Found a staircase to the Tomb.
 47818 | Crypt:3  | Reached XP level 23. HP: 156/156 MP: 29/29
 48076 | Tomb:1   | Entered Level 1 of the Tomb of the Ancients
 48314 | Tomb:1   | Paralysed by a sphinx for 7 turns
 48319 | Tomb:1   | HP: 6/172 [sphinx (9)]
 48319 | Tomb:1   | Slain by a sphinx

Action                   |  1- 3 |  4- 6 |  7- 9 | 10-12 | 13-15 | 16-18 | 19-21 | 22-24 || total
-------------------------+-------+-------+-------+-------+-------+-------+-------+-------++-------
Melee: Flail             |   164 |    46 |       |       |       |       |       |       ||   210
       Mace              |       |   172 |   193 |       |    23 |       |       |       ||   388
       Scimitar          |       |       |    57 |   655 |  1433 |  1924 |  2259 |  1383 ||  7711
       Great sword       |       |       |       |       |    96 |       |       |       ||    96
Invok: Heroism           |       |       |       |     2 |     8 |     4 |     3 |       ||    17
       Finesse           |       |       |       |       |       |       |     1 |       ||     1
       Cleansing Flame   |       |       |       |       |       |       |       |     6 ||     6
       Divine Shield     |       |       |       |       |       |       |       |     1 ||     1
 Abil: Breathe Fire      |       |       |       |       |     8 |     4 |     1 |       ||    13
       Fly               |       |       |       |       |     1 |     2 |       |       ||     3
       Evoke Invisibilit |       |       |       |       |       |     6 |     1 |     1 ||     8
       Stop Flying       |       |       |       |       |       |     1 |       |       ||     1
Evoke: Wand              |       |       |       |    20 |    24 |       |     2 |       ||    46
  Use: Scroll            |     3 |       |     1 |    21 |    15 |     2 |    10 |     4 ||    56
       Potion            |       |       |       |       |     3 |     4 |     2 |     4 ||    13
 Stab: Confused          |       |       |       |     7 |     4 |     2 |       |       ||    13
       Paralysed         |       |       |       |     3 |       |       |       |       ||     3
       Sleeping          |       |       |       |       |    12 |    12 |    20 |       ||    44
       Distracted        |       |       |       |       |     3 |     3 |     3 |     1 ||    10
       Invisible         |       |       |       |       |       |    11 |       |       ||    11
  Eat: Chunk             |     1 |     5 |     7 |    29 |    29 |    29 |    29 |     7 ||   136
       Bread ration      |       |       |       |     1 |     5 |     7 |     4 |       ||    17
       Beef jerky        |       |       |       |       |     1 |       |    11 |       ||    12
       Meat ration       |       |       |       |       |       |       |     3 |     3 ||     6
       Fruit             |       |       |       |       |       |       |     2 |       ||     2
